 Dungeon Crawl Stone Soup version 0.26.1-11-gd32895ea62 (webtiles) character file.

Game seed: 8819951027963935432

44 DildoBatman the Conjurer (level 3, -8/24 HPs)
             Began as a Formicid Conjurer on May 26, 2021.
             Killed from afar by a white imp (12 damage)
             ... with a puff of frost
             ... summoned by Natasha
             ... on level 1 of the Dungeon.
             The game lasted 00:03:17 (1452 turns).

DildoBatman the Conjurer (Formicid Conjurer)        Turns: 1452, Time: 00:03:17

Health: -8/24      AC:  2    Str: 11    XL:     3   Next: 87%
Magic:  6/6        EV: 12    Int: 18    God:
Gold:   30         SH:  0    Dex:  9    Spells: 3/6 levels left

rFire    . . .     SeeInvis +   i - +0 short sword
rCold    . . .     Faith    .   (no shield)
rNeg     . . .     Spirit   .   a - +0 robe
rPois    .         Reflect  .   (helmet unavailable)
rElec    .         Harm     .   (no cloak)
rCorr    .         Rampage  .   (no gloves)
Will     .....                  (no boots)
Stlth    ++........             (no amulet)
HPRegen  0.08/turn              (no ring)
MPRegen  0.10/turn              (no ring)

@: no status effects
A: permanent stasis, dig shafts and tunnels, four strong arms, antennae 3
a: Dig, Shaft Self


You were on level 1 of the Dungeon.
You visited 1 branch of the dungeon, and saw 2 of its levels.

You collected 30 gold pieces.

Inventory:

Hand Weapons
 i - a +0 short sword (weapon)
Missiles
 c - 21 poisoned darts
 f - 46 stones
 h - 47 arrows
 k - 7 atropa-tipped darts
Armour
 a - a +0 robe (worn)
Scrolls
 b - 2 scrolls of teleportation {unknown}
 d - a scroll of fear {unknown}
 e - 3 scrolls of remove curse {unknown}
Potions
 g - a potion of might {unknown}
 j - a potion of magic {unknown}


   Skills:
 - Level 1.7 Dodging
 - Level 2.4 Stealth
 - Level 2.1 Spellcasting
 * Level 4.8 Conjurations


You had 3 spell levels left.
You knew the following spells:

 Your Spells              Type           Power        Failure   Level
a - Searing Ray           Conj           38%          3%          2
c - Magic Dart            Conj           76%          2%          1

Your spell library contained the following spells:

 Spells                   Type           Power        Failure   Level
 Dazzling Flash           Conj/Hex       20%          21%         3
 Fulminant Prism          Conj/Hex       5%           54%         4
 Iskenderun's Mystic Bla  Conj/Tloc      10%          54%         4


Dungeon Overview and Level Annotations

Branches:
Dungeon (2/15)

Altars:
Gozag

Annotations:
D:1 Natasha


Innate Abilities, Weirdness & Mutations

You cannot be hasted, slowed, berserked, paralysed or teleported.
You can dig through walls and to a lower floor.
Your four strong arms can wield two-handed weapons with a shield.
You have a pair of large antennae on your head. (SInv)


Message History

r - Retreat! s - Stop attacking. g - Guard the area. f - Follow me.
Anything else - Cancel.
You shout for attention!
Magic restored.
Natasha barely misses you. The crimson imp hits you.
You climb upwards.
The crimson imp disappears in a puff of smoke! x2
There is a stone staircase leading down here.
Natasha mumbles some strange words.
Natasha casts a spell at you. The magic dart hits you.
The white imp gestures at you. The puff of frost hits you!
The white imp shouts, "Slither home, thou pottle-deep mumble-news tiddler!"
The white imp gestures at you. The puff of frost hits you!
Ouch! That really hurt!
You die...

#...#####.#.##
#.#......###.##
#....#..## ##.##
.......## ##.# #....#..##
##.########
##.....#.###.........#
#.#.####.#...######.#
#.#.# ##....######.####
#.#.# #......@.......#
##.#.######..5######>##.#
#............#######.##.#
.....##.....{...h....##.#
#....##.###############.#
.........# #.# #.#..#...#
#.# #..#..#..# #.#
#...#....# #.#


You could see a white imp (summoned).

Vanquished Creatures
  An adder (D:2)
  A worm (D:2)
  2 dart slugs (D:1)
  A leopard gecko (D:2)
  3 giant cockroaches
  3 goblins
  2 hobgoblins (D:1)
  5 bats
  3 frilled lizards
  6 kobolds
  4 rats
31 creatures vanquished.

Vanquished Creatures (others)
  6 plants (D:2)
6 creatures vanquished.

Grand Total: 37 creatures vanquished

Notes
Turn   | Place    | Note
-------+----------+-------------------------------------------
     0 | D:1      | DildoBatman the Formicid Conjurer began the quest for the
                  | Orb.
     0 | D:1      | Reached XP level 1. HP: 13/13 MP: 3/3
   198 | D:1      | Reached XP level 2. HP: 7/19 MP: 3/5
   201 | D:1      | Learned a level 2 spell: Searing Ray
   205 | D:1      | Reached skill level 4 in Conjurations
   921 | D:2      | Reached XP level 3. HP: 24/24 MP: 1/6
  1155 | D:2      | Found an opulent altar of Gozag.
  1329 | D:2      | Noticed Natasha
  1452 | D:1      | Killed from afar by a white imp

Illustrated notes

Levels and vault maps discovered:
D:1:      evilmike_arrival_plus, layout_loops_ring, minmay_misc_feat_diagonals,
          minmay_close_crescents
D:2:      layout_basic, grunt_gozag_breadcrumbs, serial_bayou,
          serial_bayou_lake_a, serial_bayou_ford_a, serial_bayou_pond_b,
          serial_bayou_pond_c, uniq_natasha

Skill      XL: |  1  2 |
---------------+-------+-----
Conjurations   | 4 |  4.8
Dodging        | |  1.7
Stealth        | |  2.4
Spellcasting   | |  2.1

Action                   || total
-------------------------++-------
Melee: Club              ||    24
       Short sword       ||    25
 Cast: Magic Dart        ||    36
       Searing Ray       ||     2
 Abil: Dig               ||     5
 Stab: Sleeping          ||     3
Armor: Robe              ||    21
Dodge: Dodged            ||    48
